 Dungeon Crawl Stone Soup version 0.28.0-45-g0d030f2227 (webtiles) character file.

Game seed: 1479893440473897165

263427 pkoi the Gelid (level 18, -3/148 HPs)
             Began as a Demigod Conjurer on Apr 7, 2022.
             Slain by a deep troll (9 damage)
             ... led by an ironbound preserver
             ... on level 1 of the Vaults.
             The game lasted 01:59:26 (71883 turns).

pkoi the Gelid (Demigod Conjurer)                  Turns: 71883, Time: 01:59:27

Health: -3/148     AC: 14    Str:  6    XL:     18   Next: 54%
Magic:  3/47       EV: 12    Int: 44    God:
Gold:   2311       SH:  0    Dex: 12    Spells: 2/39 levels left

rFire   + . .      SeeInvis .   y - staff of cold
rCold   + + +      Faith    .   (no shield)
rNeg    . . .      Spirit   .   R - +1 ring mail of the Secret Persimmons {rElec rPois Str-2 Stlth+}
rPois   +          Reflect  .   K - +0 helmet
rElec   +          Harm     .   A - +1 cloak
rCorr   .          Rampage  .   j - +2 pair of gloves
Will    +++..                   Q - +0 pair of boots
Stlth   ++........              T - amulet of Okawaru's Favour {RegenMP Will++}
HPRegen 0.34/turn               J - ring of magical power
MPRegen 0.70/turn               S - ring "Hen Gont" {rF+ rC++ Slay+2}

@: unable to drink
A: high MP 1, forlorn, divine attributes
}: 2/15 runes: serpentine, barnacled
a: no special abilities


You were on level 1 of the Vaults.
You visited 6 branches of the dungeon, and saw 31 of its levels.
You also visited: Bailey and Ice Cave.

You collected 3821 gold pieces.
You spent 1510 gold pieces at shops.

Inventory:

Hand Weapons
 V - the +4 dagger "Thing" {flame, rPois MP+9}
   (You took it off an orc on level 1 of the Orcish Mines)

   It burns those it strikes, dealing additional fire damage.
   rPois:     It protects you from poison.
   MP:        It affects your magic capacity (+9).
Missiles
 G - 7 throwing nets
Armour
 d - an orb of energy
 j - a +2 pair of gloves (worn)
 A - a +1 cloak (worn)
 K - a +0 helmet (worn)
 Q - a +0 pair of boots (worn)
 R - the +1 ring mail of the Secret Persimmons (worn) {rElec rPois Str-2 Stlth+}
   (You found it on level 12 of the Dungeon)

   Str:       It affects your strength (-2).
   rElec:     It insulates you from electricity.
   rPois:     It protects you from poison.
   Stlth:     It makes you more stealthy.
Magical Staves
 x - a staff of conjuration
 y - a staff of cold (weapon)
Jewellery
 n - a ring of protection from fire
 o - a ring of resist corrosion
 I - a ring of flight
 J - a ring of magical power (left hand)
 S - the ring "Hen Gont" (right hand) {rF+ rC++ Slay+2}
   (You took it off an orc warlord on level 1 of the Orcish Mines)

   [ring of protection from fire]

   Slay:      It affects your accuracy & damage with ranged weapons and melee
   (+2).
   rF:        It protects you from fire.
   rC:        It greatly protects you from cold.
 T - the amulet of Okawaru's Favour (around neck) {RegenMP Will++}
   (You bought it in a shop on level 3 of the Shoals)

   [amulet of magic regeneration]

   It increases your rate of magic regeneration.
   Will:      It greatly increases your willpower.
 Z - a ring of positive energy
Wands
 l - a wand of iceblast (5)
 m - a wand of paralysis (11)
 r - a wand of flame (39)
 E - a wand of polymorph (15)
 H - a wand of digging (5)
 M - a wand of acid (8)
 O - a wand of charming (8)
Scrolls
 b - 2 scrolls of holy word
 f - 7 scrolls of teleportation
 i - 15 scrolls of identify
 k - 6 scrolls of amnesia
 p - 9 scrolls of enchant armour
 s - a scroll of silence
 t - 8 scrolls of fear
 v - 5 scrolls of enchant weapon
 z - a scroll of magic mapping
 L - a scroll of brand weapon
 N - 3 scrolls of fog
Potions
 c - 7 potions of flight
 e - 3 potions of haste
 h - 5 potions of magic
 q - 14 potions of heal wounds
 u - 9 potions of curing
 C - 4 potions of ambrosia
 D - 4 potions of cancellation
 F - 6 potions of brilliance
 P - 4 potions of might
 Y - a potion of berserk rage


   Skills:
 + Level 10.2 Fighting
 - Level 4.0 Armour
 + Level 10.2 Dodging
 - Level 1.7 Stealth
 + Level 11.3 Spellcasting
 + Level 14.4 Conjurations
 - Level 11.2 Hexes
 - Level 9.0 Translocations
 + Level 5.3 Fire Magic
 + Level 16.4 Ice Magic
 + Level 3.4 Evocations


You had 2 spell levels left.
You knew the following spells:

 Your Spells              Type           Power      Damage    Failure   Level
a - Magic Dart            Conj           100%       1d8       0%          1
b - Searing Ray           Conj           100%       2d8       0%          2
c - Iskenderun's Mystic   Conj/Tloc      91%        2d18      1%          4
d - Fulminant Prism       Conj/Hex       47%        3d21      1%          4
e - Ozocubu's Refrigerat  Ice            65%        4d18      4%          7
f - Cause Fear            Hex            45%        N/A       1%          4
g - Orb of Destruction    Conj           50%        9d13      10%         7
h - Ignition              Fire           32%        3d10      100%        8

Your spell library contained the following spells:

 Spells                   Type           Power      Damage    Failure   Level
 Foxfire                  Conj/Fire      100%       2x1d9     1%          1
 Blink                    Tloc           100%       N/A       1%          2
 Static Discharge         Conj/Air       73%        N/A       1%          2
 Summon Small Mammal      Summ           96%        N/A       4%          1
 Call Imp                 Summ           24%        N/A       6%          2
 Sublimation of Blood     Necr           24%        N/A       6%          2
 Wereblood                Tmut           24%        N/A       6%          2
 Ozocubu's Armour         Ice            100%       N/A       0%          3
 Conjure Flame            Conj/Fire      84%        6-21      1%          3
 Dazzling Flash           Conj/Hex       100%       N/A       1%          3
 Gell's Gravitas          Tloc           81%        N/A       1%          3
 Inner Flame              Hex/Fire       78%        N/A       1%          3
 Lesser Beckoning         Tloc           81%        N/A       1%          3
 Mephitic Cloud           Conj/Pois/Air  61%        N/A       1%          3
 Summon Guardian Golem    Hex/Summ       65%        N/A       1%          3
 Teleport Other           Tloc           81%        N/A       1%          3
 Flame Wave               Conj/Fire      84%        2d15      1%          4
 Sticky Flame             Conj/Fire      84%        2d10      1%          4
 Fireball                 Conj/Fire      42%        3d17      1%          5
 Freezing Cloud           Conj/Ice/Air   54%        6-21      1%          5
 Metabolic Englaciation   Hex/Ice        60%        N/A       1%          5
 Manifold Assault         Tloc           81%        N/A       3%          5
 Leda's Liquefaction      Hex/Erth       32%        N/A       4%          4
 Ignite Poison            Fire/Tmut/Pois 40%        N/A       6%          3
 Lightning Bolt           Conj/Air       36%        1d54      6%          5
 Starburst                Conj/Fire      42%        6d12      11%         6
 Call Canine Familiar     Summ           24%        N/A       13%         3
 Dispersal                Tloc           40%        N/A       16%         6
 Simulacrum               Ice/Necr       49%        N/A       22%         6
 Airstrike                Air            12%        N/A       38%         4
 Dispel Undead            Necr           24%        3d12      38%         4
 Summon Lightning Spire   Summ/Air       24%        N/A       38%         4
 Alistair's Intoxication  Tmut/Pois      16%        N/A       75%         5
 Borgnjor's Vile Clutch   Necr/Erth      12%        N/A       75%         5
 Lee's Rapid Deconstruct  Erth           12%        3d9*      75%         5
 Spellforged Servitor     Conj/Summ      36%        N/A       88%         7
 Discord                  Hex            45%        N/A       95%         8
 Eringya's Noxious Bog    Tmut/Pois      12%        N/A       100%        6
 Statue Form              Tmut/Erth      16%        N/A       100%        6
 Storm Form               Tmut/Air       12%        N/A       100%        7
 Summon Hydra             Summ           12%        N/A       100%        7
 Disjunction              Tloc           40%        N/A       100%        8


Dungeon Overview and Level Annotations

Branches:
Dungeon (14/15)            Temple (0/1) D:5            Lair (6/6) D:9
 Shoals (4/4) Lair:3        Snake (4/4) Lair:3        Slime (0/5) Lair:5
    Orc (2/2) D:10            Elf (0/3) Orc:2        Vaults (1/5) D:14
 Bailey (visited)           IceCv (visited)

Shops:
D:1 *   Orc:2 !(!(   Shoals:3 =   Snake:1 (?


Innate Abilities, Weirdness & Mutations

You have an increased reservoir of magic. (+10% MP)
You shall have no god before yourself.
Your divine heritage dramatically boosts your attributes as you level up.


Message History

A deep troll comes into view.
The yaktaur captain shoots a bolt.
The bolt closely misses you.
The bolt hits the ironbound preserver!
The bolt freezes the ironbound preserver.
You hear a shout!
Unknown command.
An ironbound preserver comes into view. It is wielding a +0 morningstar.
The ironbound preserver shouts!
You hear a shout!
The yaktaur wields a +0 arbalest.
The yaktaur shoots a bolt.
The bolt hits you.
* * * LOW HITPOINT WARNING * * *
The yaktaur shoots a bolt.
The bolt barely misses you.
The wizard shouts, "You can't withstand my power!"
The yaktaur captain shoots a bolt.
The bolt hits you!!!
* * * LOW HITPOINT WARNING * * *
The bolt freezes you.
* * * LOW HITPOINT WARNING * * *
Okay, then.
Unknown command.
Casting: Ozocubu's Refrigeration (dangerous; 4% risk of failure)
Confirm with . or Enter, or press ? or * to list all spells.
Casting: Cause Fear (safe; 1% risk of failure)
Press: ? - help, Dir - look around, f - activate The ironbound preserver looks frightened!
The wizard resists with some effort.
The ironbound preserver resists with some effort.
The deep troll resists with almost no effort.
The deep troll looks frightened!
The yaktaur captain looks frightened!
The yaktaur looks frightened!
The yaktaur easily resists.
The yaktaur shoots a bolt.
The bolt hits you!
* * * LOW HITPOINT WARNING * * *
The wizard mumbles some strange words.
The wizard flickers and vanishes!
Deactivating autopickup; reactivate with Ctrl-A.
Your magical contamination has completely faded away.
A deep troll comes into view.
The deep troll shouts!
You hear a shout!
You hear a horrible gurgling sound!
The deep troll bites you!
* * * LOW HITPOINT WARNING * * *
The deep troll misses you. The deep troll claws you!
You die...

##########..........#
#.....T....# #..........#
.. #......T...# ... .
#c....p....#.... ..
#.....c....#... .
#..........'...
#..c....T.{#
##########......@...#
....................#
....................#
.................p..#
#######...........#
#...........#
#...........#
#...........#
#...........#############


You could see 2 ironbound preservers, a yaktaur captain (fleeing), 3 deep trolls
and 2 yaktaurs.

Vanquished Creatures
  Rupert (Lair:3)
  Agnes (Snake:1)
  Donald (Snake:3)
  5 nagarajas
  3 orc warlords
  Aizul (Snake:2)
  A vault warden (Vaults:1)
  2 very ugly things (Vaults:1)
  An ironbound preserver (Vaults:1)
  An ironbound thunderhulk (Vaults:1)
  A minotaur (Shoals:2)
  2 ettins
  A crystal guardian (Vaults:1)
  5 merfolk impalers
  A merfolk javelineer (Shoals:2)
  Erolcha (D:11)
  A peacekeeper (Vaults:1)
  An ice dragon (D:13)
  6 hydras
  13 naga warriors
  4 catoblepae
  11 centaur warriors
  3 salamander tyrants (Snake:4)
  7 anacondas
  An ogre mage (D:14)
  3 merfolk avatars
  6 merfolk aquamancers (Shoals:1)
  10 two-headed ogres
  5 death yaks (Lair:6)
  7 satyrs
  4 naga sharpshooters (Snake:4)
  3 orc high priests (Orc:2)
  8 shock serpents
  21 sea snakes
  7 deep trolls (Vaults:1)
  5 skeletal warriors
  A salamander mystic (Snake:2)
  2 naga ritualists (Snake:4)
  Pikel (D:5)
  2 lindwurms (Vaults:1)
  A wizard (Vaults:1)
  22 harpies
  An ironbound convoker (Vaults:1)
  10 orc knights
  A deep elf pyromancer (D:12)
  12 ugly things
  7 orc sorcerers
  28 fauns
  7 salamanders
  13 cyclopes
  13 manticores
  2 mana vipers
  6 elephants
  2 ice statues (IceCv)
  43 black mambas
  2 guardian serpents
  2 molten gargoyles (D:13)
  11 water nymphs
  6 naga magi
  A black mamba (shapeshifter) (D:14)
  A vault sentinel (Vaults:1)
  A gargoyle (D:12)
  8 merfolk sirens
  8 cane toads
  A torpor snail (Lair:3)
  Psyche (D:8)
  An unseen horror (D:13)
  4 rime drakes
  8 komodo dragons
  7 yaktaurs
  2 kobold demonologists
  An efreet (D:14)
  6 polar bears
  7 wind drakes
  29 merfolk
  13 slime creatures
  6 meliai
  14 trolls
  A hornet (D:10)
  A slime creature (shapeshifter) (D:14)
  30 blink frogs
  8 snapping turtles
  A shadow (D:9)
  Sigmund (D:5)
  13 water elementals
  3 wyverns
  2 wraiths (D:12)
  67 yaks
  4 vampire mosquitoes (D:12)
  2 basilisks
  A death yak simulacrum (IceCv)
  4 wargs (Orc:1)
  3 steam dragons
  An acid dragon (D:12)
  Edmund (D:4)
  41 nagas
  Duvessa (D:5)
  27 water moccasins
  44 orc warriors
  3 black bears
  9 ogres
  4 necrophages
  14 centaurs
  53 wolves
  A lemure (D:5)
  A phantom (D:4)
  2 kobold brigands
  16 bullfrogs
  A scorpion (shapeshifter) (D:12)
  A cane toad simulacrum (IceCv)
  A water moccasin zombie (D:5)
  A scorpion (D:5)
  Dowan (D:5)
  2 elephant simulacra (IceCv)
  6 killer bees (D:10)
  18 wights
  4 howler monkeys
  8 centaur zombies
  Crazy Yiuf (D:5)
  5 hounds
  2 jellies
  5 centaur skeletons
  20 orc priests
  An iguana (D:5)
  17 orc wizards
  9 hell rats
  A mummy (D:10)
  Robin (D:2)
  4 gnolls (D:4)
  6 adders
  A white imp (D:7)
  An adder skeleton (D:5)
  2 dart slugs (D:4)
  81 orcs
  6 ball pythons
  5 endoplasms
  17 goblins
  8 hobgoblins
  9 jackals
  17 kobolds
  2 quokkas
  4 bats
  A frilled lizard (D:2)
  5 rats
  A fulminant prism (D:14)
  A plant (Shoals:4)
1103 creatures vanquished.

Vanquished Creatures (others)
  A merfolk aquamancer (Shoals:1)
  A human (D:3)
  A bush (Lair:4)
  470 fulminant prisms
  105 fungi
  408 plants
  7 withered plants (D:10)
993 creatures vanquished.

Grand Total: 2096 creatures vanquished

Notes
Turn   | Place    | Note
-------+----------+-------------------------------------------
     0 | D:1      | pkoi the Demigod Conjurer began the quest for the Orb.
     0 | D:1      | Reached XP level 1. HP: 14/14 MP: 5/5
   159 | D:1      | Found Fien's Assorted Antiques.
   786 | D:1      | Reached XP level 2. HP: 20/20 MP: 2/7
  1818 | D:2      | Reached XP level 3. HP: 26/26 MP: 5/9
  1855 | D:2      | Learned a level 2 spell: Searing Ray
  2516 | D:3      | Noticed Robin
  2658 | D:2      | Killed Robin
  3074 | D:3      | Reached XP level 4. HP: 33/33 MP: 4/10
  3348 | D:3      | Reached skill level 5 in Conjurations
  4043 | D:3      | Reached XP level 5. HP: 28/38 MP: 5/12
  4191 | D:3      | Noticed a human
  4194 | D:3      | Killed a human
  4377 | D:4      | Noticed Edmund
  4385 | D:4      | Learned a level 4 spell: Iskenderun's Mystic Blast
  4411 | D:4      | Killed Edmund
  4772 | D:4      | Reached XP level 6. HP: 45/45 MP: 7/14
  5975 | D:5      | Entered Level 5 of the Dungeon
  6035 | D:5      | Found a runed translucent door.
  6036 | D:5      | Noticed Crazy Yiuf
  6175 | D:5      | Noticed Pikel
  6183 | D:5      | Killed Pikel
  6184 | D:5      | Reached XP level 7. HP: 36/50 MP: 6/16
  6669 | D:5      | Learned a level 4 spell: Fulminant Prism
  7176 | D:5      | Found a staircase to the Ecumenical Temple.
  7221 | D:5      | Reached XP level 8. HP: 57/57 MP: 12/17
  7450 | D:5      | Reached skill level 1 in Hexes
  7857 | D:5      | Noticed Dowan
  7857 | D:5      | Noticed Duvessa
  8153 | D:5      | Killed Duvessa
  8517 | D:5      | Noticed Sigmund
  8558 | D:5      | Killed Sigmund
  8913 | D:5      | Killed Dowan
  9301 | D:5      | Killed Crazy Yiuf
 10347 | D:6      | Identified the +6 war axe of Disaster {pain, rF+ rC+ Dex+2}
 10885 | D:7      | Found a flagged portal.
 10909 | Bailey   | Entered a bailey
 11750 | Bailey   | Reached skill level 5 in Translocations
 11773 | Bailey   | Reached XP level 9. HP: 38/62 MP: 0/18
 12727 | Bailey   | Reached skill level 5 in Hexes
 15358 | D:8      | Reached skill level 10 in Conjurations
 15363 | D:8      | Reached skill level 1 in Fighting
 15527 | D:8      | Reached XP level 10. HP: 71/71 MP: 9/19
 15989 | D:8      | Noticed Psyche
 15997 | D:8      | Killed Psyche
 18474 | D:9      | Found a staircase to the Lair.
 19013 | D:9      | Identified the +6 hand crossbow "Lalog" {flame, rPois}
 19559 | D:10     | Entered Level 10 of the Dungeon
 20629 | D:10     | Reached XP level 11. HP: 83/83 MP: 6/22
 20887 | D:10     | Noticed a two-headed ogre
 20893 | D:10     | Killed a two-headed ogre
 20894 | D:10     | Reached skill level 5 in Spellcasting
 21365 | D:10     | Found a staircase to the Orcish Mines.
 21572 | D:10     | Noticed an orc knight
 21602 | D:10     | Killed an orc knight
 22496 | Lair:1   | Entered Level 1 of the Lair of Beasts
 22823 | Lair:1   | Reached skill level 5 in Dodging
 24148 | Lair:2   | Noticed a six-headed hydra
 24154 | Lair:2   | Killed a six-headed hydra
 24493 | Lair:1   | Reached skill level 5 in Fighting
 25578 | Lair:3   | Noticed Rupert
 25949 | Lair:3   | Reached XP level 12. HP: 94/94 MP: 7/25
 26663 | Lair:3   | Found a staircase to the Snake Pit.
 27317 | Lair:3   | Found a staircase to the Shoals.
 27414 | Lair:3   | Killed Rupert
 29653 | Lair:4   | Reached XP level 13. HP: 104/105 MP: 19/28
 33280 | Lair:5   | Found a staircase to the Slime Pits.
 33663 | Lair:6   | Entered Level 6 of the Lair of Beasts
 34398 | Lair:6   | Reached skill level 10 in Hexes
 34757 | Lair:6   | Identified the +5 chain mail of Cofyteb {rElec Str+4 Dex-4}
 36888 | D:11     | Reached XP level 14. HP: 116/116 MP: 9/31
 37127 | D:11     | Noticed Erolcha
 37233 | D:11     | Killed Erolcha
 38906 | D:12     | Identified the +1 ring mail of the Secret Persimmons {rElec
                  | rPois Str-2 Stlth+}
 39991 | D:13     | Found a frozen archway.
 39994 | D:13     | Reached skill level 1 in Armour
 40206 | IceCv    | Entered an ice cave
 40207 | IceCv    | Found a transporter.
 40231 | IceCv    | Found a transporter.
 40527 | IceCv    | Identified the +5 hand axe "Nuoshriff" {freeze, rCorr
                  | Int+4}
 40992 | D:13     | Identified the +8 plate armour of the Archfiend {Dex+4}
 41596 | D:13     | Reached skill level 10 in Dodging
 41607 | D:13     | Learned a level 7 spell: Ozocubu's Refrigeration
 41914 | D:13     | Reached skill level 1 in Ice Magic
 42020 | D:13     | Noticed an orc warlord
 42025 | D:13     | Killed an orc warlord
 42111 | D:13     | Reached skill level 5 in Ice Magic
 42111 | D:13     | Reached XP level 15. HP: 126/126 MP: 33/33
 42364 | D:13     | Reached skill level 10 in Fighting
 43207 | Snake:1  | Entered Level 1 of the Snake Pit
 43344 | Snake:1  | Reached skill level 10 in Spellcasting
 44257 | Snake:1  | Found Hawukhlon's Magic Scroll Boutique.
 44262 | Snake:1  | Found Reivipy's Antique Weapon Boutique.
 44265 | Snake:1  | Bought a scroll of brand weapon for 300 gold pieces
 44292 | Snake:1  | Reached skill level 6 in Ice Magic
 44686 | Snake:1  | Learned a level 4 spell: Cause Fear
 45070 | Snake:1  | Noticed Agnes
 45076 | Snake:1  | Killed Agnes
 45281 | Snake:2  | Noticed Aizul
 45567 | Snake:2  | Reached skill level 7 in Ice Magic
 45567 | Snake:2  | Reached XP level 16. HP: 134/134 MP: 28/35
 45897 | Snake:2  | Killed Aizul
 46168 | Shoals:1 | Entered Level 1 of the Shoals
 46180 | Shoals:1 | Reached skill level 8 in Ice Magic
 46701 | Snake:2  | Found a runed translucent gate.
 46701 | Snake:2  | Found a runed translucent gate.
 46701 | Snake:2  | Found a runed translucent gate.
 47408 | Snake:3  | Reached skill level 9 in Ice Magic
 48021 | Snake:3  | Noticed Donald
 48030 | Snake:3  | Killed Donald
 48987 | Orc:1    | Entered Level 1 of the Orcish Mines
 49219 | Orc:1    | Reached skill level 10 in Ice Magic
 49730 | Orc:1    | Identified the ring "Hen Gont" {rF+ rC++ Slay+2}
 49995 | Orc:1    | Identified the +4 dagger "Thing" {flame, rPois MP+9}
 50229 | Orc:2    | Entered Level 2 of the Orcish Mines
 50525 | Orc:2    | Reached skill level 11 in Ice Magic
 50538 | Orc:2    | Reached skill level 1 in Evocations
 51100 | Orc:2    | Found a staircase to the Elven Halls.
 51547 | Orc:2    | Found Qotiyrr's Antique Weapon Boutique.
 51547 | Orc:2    | Found Ykevios's Distillery.
 51548 | Orc:2    | Found Tosestin's Distillery.
 51548 | Orc:2    | Found Bitryisajit's Weapon Emporium.
 51558 | Orc:2    | Bought a potion of heal wounds for 50 gold pieces
 51558 | Orc:2    | Bought a potion of heal wounds for 50 gold pieces
 51558 | Orc:2    | Bought a potion of heal wounds for 50 gold pieces
 51576 | Orc:2    | Bought 2 potions of heal wounds for 110 gold pieces
 51576 | Orc:2    | Bought a potion of magic for 88 gold pieces
 52015 | Snake:4  | Entered Level 4 of the Snake Pit
 52687 | Snake:4  | Reached skill level 12 in Ice Magic
 54720 | Snake:4  | Reached skill level 13 in Ice Magic
 54769 | Snake:4  | Reached XP level 17. HP: 128/140 MP: 0/36
 55623 | Snake:4  | Got a serpentine rune of Zot
 56333 | D:14     | Identified the +3 long sword of Collusion {vorpal, Will+}
 57174 | D:14     | Found a gate to the Vaults.
 57469 | Vaults:1 | Entered Level 1 of the Vaults
 57982 | Vaults:1 | Reached skill level 14 in Ice Magic
 58583 | Vaults:1 | Learned a level 7 spell: Orb of Destruction
 60613 | Shoals:1 | Reached skill level 15 in Ice Magic
 62654 | Shoals:2 | Identified the +4 scale mail of Greed {rN+}
 63443 | Shoals:2 | Learned a level 8 spell: Ignition
 63973 | Shoals:2 | Reached skill level 1 in Fire Magic
 65521 | Shoals:3 | Reached XP level 18. HP: 147/147 MP: 38/38
 66218 | Shoals:3 | Found Baelaschi's Jewellery Shop.
 66226 | Shoals:3 | Bought the amulet of Okawaru's Favour {RegenMP Will++} for
                  | 862 gold pieces
 67258 | Shoals:3 | Reached skill level 16 in Ice Magic
 68568 | Shoals:4 | Entered Level 4 of the Shoals
 68797 | Shoals:4 | Found the +9 heavy crossbow "Sniper" {vorpal, Acc+∞ SInv}
 69934 | Shoals:4 | Got a barnacled rune of Zot
 70132 | Shoals:4 | Identified the ring "Payla Udghass" {rC+ Str+6 Stlth+}
 70175 | Shoals:4 | Reached skill level 5 in Fire Magic
 71883 | Vaults:1 | HP: 6/148 [deep troll[an ironbound preserver] (16)]
 71883 | Vaults:1 | Slain by a deep troll

Illustrated notes

Levels and vault maps discovered:
D:1:      heliophobic_arrival_enchanted_forest, layout_loops_corners,
          serial_shops, shop, ebering_ecumenical_altar_box
D:2:      layout_loops_ring, serial_forest, infiniplex_forest_clump_double,
          infiniplex_forest_lined_room_, infiniplex_forest_clump_diagonal,
          infiniplex_forest_clump_medium, infiniplex_forest_end_3, minivault_24
D:3:      layout_loops_cross, tgw_kikubaaqudgha, serial_glass, glass_columns_a,
          glass_columns_a, uniq_robin
D:4:      layout_basic, serial_bayou, serial_bayou_pond_a, serial_bayou_pond_a,
          serial_bayou_shore_a, serial_bayou_pond_d, uniq_edmund
D:5:      layout_basic, mainiacjoe_overflow_alcove_2,
          minmay_temple_entry_antechambers, uniq_sigmund,
          uniq_crazy_yiuf_cottage, uniq_duvessa, uniq_pikel
D:6:      layout_gridville, nicolae_overflow_hidden_temple
D:7:      layout_layer_cave, enter_bailey_5
D:8:      layout_cave_pods, kennysheep_another_room, chequers_mini_garden,
          uniq_psyche
D:9:      layout_roguey, due_lair_maze_entry_diamond, grunt_ministairs_13
D:10:     layout_stronghold, david_orc_5, serial_undead, serial_undead_f,
          serial_undead_b, serial_undead_a, serial_undead_c
D:11:     layout_cave_pools, uniq_erolcha
D:12:     kennysheep_room_grid, layout_basic
D:13:     cheibrodos_statue_roulette, layout_basic,
          portal_ice_cave_entry_animals_and_master,
          hellmonk_guarded_unrand_dark_maul
D:14:     layout_long_grid, hangedman_vaults_entry_quadrant_bands,
          grunt_dithmenos_smoke_and_mirrors, david_defended_altar_orc
Lair:1:   layout_roguey, chequers_serial_rivers_micro_d, grunt_megastairs_2
Lair:2:   layout_cave_shapes
Lair:3:   layout_small_grid, elwin_shoals_entry_stream,
          guppyfry_snake_entry_garden, uniq_rupert
Lair:4:   layout_cave_pods, grunt_forest_large_clearings, lemuel_fruit_tree
Lair:5:   layout_loops_ring, dpeg_slime_entry_corner
Lair:6:   evilmike_catoblepas_cave, layout_hall_layers
Shoals:1: cheibrodos_shoals_three_sisters, layout_shoals,
          nicolae_shoals_lost_giant_baths, nicolae_shoals_water_shrine
Shoals:2: layout_shoals, regret_index_shoals_crete
Shoals:3: layout_shoals, serial_shops, shop, nicolae_shoals_cliffside_cave
Shoals:4: shoals_end_grunt_garden, layout_shoals, hangedman_shoals_cup_caves
Snake:1:  layout_onion, basic_altar, minmay_shop_star, serial_bayou_shore_b,
          uniq_agnes
Snake:2:  layout_misc_corridors, nicolae_snake_horde_hoard,
          serial_bayou_shore_b, uniq_aizul
Snake:3:  layout_grid_maze, uniq_donald
Snake:4:  minmay_snake_end_coiled, layout_cave_town, nicolae_snake_lava_pool
Orc:1:    layout_caves, minmay_orc_treasury
Orc:2:    st_orc_elflike, layout_caves
Vaults:1: hangedman_vaults_pinch, hangedman_vaults_nails, v_misc_22,
          hangedman_vaults_hat, v_misc_17, grunt_vaults_bifocal,
          nicolae_vaults_what_the_h, ontoclasm_vaults_decontamination,
          nicolae_vaults_rhombus_6, v_misc_8, nicolae_vaults_little_squares_3,
          nicolae_vaults_shelves_hall, nicolae_vaults_little_squares_3,
          layout_vaults_omnibox, serial_shops, nicolae_lakefront_shop

Skill      XL: |  1  2  3  4  5  6  7  8  9 10 11 12 13 14 15 16 17 18 |
---------------+-------------------------------------------------------+-----
Spellcasting   | 2 3 4 6 7 8 9 10 11 | 11.3
Conjurations   | 4 5 6 7 8 9 10 11 12 13 14 | 14.4
Translocations | 2 3 5 6 7 8 9 |  9.0
Hexes          | 4 5 6 8 9 10 11 | 11.2
Fighting       | 1 3 5 7 8 9 10 | 10.2
Dodging        | 2 4 5 7 9 10 | 10.2
Armour         | 2 4 |  4.0
Ice Magic      | 5 7 13 15 16 | 16.4
Evocations     | 3 |  3.4
Fire Magic     | 2 5 |  5.3
Stealth        | |  1.7

Action                   |  1- 3 |  4- 6 |  7- 9 | 10-12 | 13-15 | 16-18 || total
-------------------------+-------+-------+-------+-------+-------+-------++-------
Melee: Dagger            |       |     5 |     6 |       |       |     8 ||    19
       War axe           |       |       |    11 |     5 |       |       ||    16
       Punch             |       |       |     2 |     1 |       |       ||     3
       Staff             |       |       |       |    27 |    34 |     4 ||    65
 Fire: Hunting sling     |       |     4 |       |       |       |       ||     4
 Cast: Magic Dart        |    93 |    51 |   102 |    80 |    41 |    75 ||   442
       Searing Ray       |     2 |    16 |     2 |       |       |       ||    20
       Iskenderun's Myst |       |       |    50 |   215 |   236 |   309 ||   810
       Fulminant Prism   |       |       |    50 |    58 |   147 |   218 ||   473
       Ozocubu's Refrige |       |       |       |       |       |   239 ||   239
       Cause Fear        |       |       |       |       |       |     2 ||     2
       Orb of Destructio |       |       |       |       |       |     1 ||     1
Evoke: Wand              |       |       |       |     2 |       |     1 ||     3
  Use: Scroll            |       |     1 |     9 |     8 |     6 |     4 ||    28
       Potion            |       |       |     4 |       |     1 |       ||     5
 Stab: Paralysed         |       |       |       |     9 |       |       ||     9
Armor: Robe              |     8 |    11 |    39 |    32 |    16 |       ||   106
       Ring mail         |       |       |       |       |    16 |    83 ||    99
Dodge: Dodged            |    12 |    25 |    93 |   242 |   215 |   302 ||   889
